PA
MANCELONA TORCH @ ATHLETIC CLUB KC U-21
05/13/2025
 
TOP OF THE 1ST
Mancelona Torch batting - Pitching for Athletic Club KC U-21 : LHP Daniel Katz
Pitching: LHP Daniel Katz
Batting: RHB Ron Thomas 0-0: Foul Ball, location: 2F
0-1: Fly out, F9 (Flyball, 9S)
Batting: LHB José Hernández 0-0: Called Strike
0-1: Ball
1-1: Ball
2-1: Ground out 6-3 (Groundball, 6)
Batting: RHB Mesa Altuve 0-0: Ball
1-0: Ball
2-0: Ball
3-0: Foul Ball, location: 2F
3-1: Foul Ball, location: 2F
3-2: Base on Balls
Batting: RHB Todd Sentell 0-0: Called Strike
0-1: Ball
1-1: Ball
2-1: Ball
3-1: SINGLE (Groundball, 56D)
Mesa Altuve to second
Batting: RHB Mike Hines 0-0: Called Strike
0-1: Ball
1-1: Foul Ball, location: 2F
1-2: Fly out, F9 (Flyball, 9S)
Top of the 1st over - 0 run(s), 1 hit(s), 0 error(s), 2 left on base; Mancelona 0 - Athletic Club KC 0
BOTTOM OF THE 1ST
Athletic Club KC U-21 batting - Pitching for Mancelona Torch : RHP Pompeyo Davalillo
Pitching: RHP Pompeyo Davalillo
Batting: RHB Jesús Vargas 0-0: Called Strike
0-1: Ball
1-1: Swinging Strike
1-2: Strikes out looking
Batting: RHB Fernando Rodríguez 0-0: Called Strike
0-1: Called Strike
0-2: Ball
1-2: Ball
2-2: Strikes out looking
Batting: SHB Álex Castillo 0-0: Called Strike
0-1: Foul Ball, location: 2F
0-2: Strikes out swinging
Bottom of the 1st over - 0 run(s), 0 hit(s), 0 error(s), 0 left on base; Mancelona 0 - Athletic Club KC 0
TOP OF THE 2ND
Mancelona Torch batting - Pitching for Athletic Club KC U-21 : LHP Daniel Katz
Batting: RHB José Córdova 0-0: Ball
1-0: Ball
2-0: Swinging Strike
2-1: Ball
3-1: Foul Ball, location: 2F
3-2: Strikes out swinging
Batting: RHB Kyle Vandenbrink 0-0: Ball
1-0: Ball
2-0: Called Strike
2-1: Ball
3-1: SOLO HOME RUN (Flyball, 9D), Distance : 396 ft
Batting: RHB Bert Cook 0-0: Called Strike
0-1: Fly out, F7 (Flyball, 78S)
Batting: RHB Vojtech Farkas 0-0: Ball
1-0: Swinging Strike
1-1: Swinging Strike
1-2: Foul Ball, location: 2F
1-2: Ball
2-2: Strikes out swinging
Top of the 2nd over - 1 run(s), 1 hit(s), 0 error(s), 0 left on base; Mancelona 1 - Athletic Club KC 0
BOTTOM OF THE 2ND
Athletic Club KC U-21 batting - Pitching for Mancelona Torch : RHP Pompeyo Davalillo
Batting: RHB Pedro Solís 0-0: Foul Ball, location: 2F
0-1: Foul Ball, location: 2F
0-2: Ball
1-2: Reached on error, E7 (Flyball, 7S)
Batting: RHB Andrés Medina 0-0: Ball
1-0: Fly out, F7 (Flyball, 78M)
Batting: LHB Héctor Barrios 0-0: Fly out, F3 (Line Drive, 34)
Lined into DP, U3 (Line Drive, 34)
Bottom of the 2nd over - 0 run(s), 0 hit(s), 1 error(s), 0 left on base; Mancelona 1 - Athletic Club KC 0
TOP OF THE 3RD
Mancelona Torch batting - Pitching for Athletic Club KC U-21 : LHP Daniel Katz
Batting: RHB Ron Thomas 0-0: Ball
1-0: Ball
2-0: Ball
3-0: Called Strike
3-1: Called Strike
3-2: Strikes out swinging
Batting: LHB José Hernández 0-0: Ball
1-0: Ball
2-0: Foul Ball, location: 2F
2-1: Ground out 4-3 (Groundball, 4S)
Batting: RHB Mesa Altuve 0-0: Ball
1-0: Ball
2-0: Fly out, F8 (Flyball, 8LM)
Top of the 3rd over - 0 run(s), 0 hit(s), 0 error(s), 0 left on base; Mancelona 1 - Athletic Club KC 0
BOTTOM OF THE 3RD
Athletic Club KC U-21 batting - Pitching for Mancelona Torch : RHP Pompeyo Davalillo
Batting: RHB Dani Reyes 0-0: Ball
1-0: Swinging Strike
1-1: Swinging Strike
1-2: Ball
2-2: Ball
3-2: Base on Balls
Batting: SHB Gerald Merendino 0-0: Ball
1-0: Ball
2-0: Ball
3-0: Called Strike
3-1: Base on Balls
Dani Reyes to second
Batting: RHB Mauro Valverde 0-0: Ball
1-0: Ball
2-0: Called Strike
2-1: Foul Ball, location: 2F
2-2: Strikes out swinging
Batting: RHB Jesús Vargas 0-0: Called Strike
Dani Reyes steals 3rd base
Gerald Merendino to second
0-1: Foul Ball, location: 2F
0-2: Ball
1-2: Ball
2-2: Foul Ball, location: 2F
2-2: Strikes out looking
Batting: RHB Fernando Rodríguez 0-0: Ball
1-0: Fly out, F9 (Flyball, 9)
Bottom of the 3rd over - 0 run(s), 0 hit(s), 0 error(s), 2 left on base; Mancelona 1 - Athletic Club KC 0
TOP OF THE 4TH
Mancelona Torch batting - Pitching for Athletic Club KC U-21 : LHP Daniel Katz
Batting: RHB Todd Sentell 0-0: Ball
1-0: SINGLE (Groundball, 4MD)
Batting: RHB Mike Hines 0-0: Called Strike
0-1: Ball
1-1: Ball
2-1: Called Strike
2-2: Grounds into double play, 5-4-3 (Groundball, 5)
Batting: RHB José Córdova 0-0: Ground out 5-3 (Groundball, 56S)
Top of the 4th over - 0 run(s), 1 hit(s), 0 error(s), 0 left on base; Mancelona 1 - Athletic Club KC 0
BOTTOM OF THE 4TH
Athletic Club KC U-21 batting - Pitching for Mancelona Torch : RHP Pompeyo Davalillo
Batting: SHB Álex Castillo 0-0: Foul Ball, location: 2F
0-1: Reached via error on a dropped throw, E1
Batting: RHB Pedro Solís 0-0: Ball
1-0: Swinging Strike
1-1: Ball
2-1: Foul Ball, location: 2F
2-2: Strikes out swinging
Batting: RHB Andrés Medina 0-0: Called Strike
Álex Castillo is caught stealing 2nd base
0-1: Ball
1-1: Swinging Strike
1-2: Foul Ball, location: 2F
1-2: Strikes out swinging
Bottom of the 4th over - 0 run(s), 0 hit(s), 1 error(s), 0 left on base; Mancelona 1 - Athletic Club KC 0
TOP OF THE 5TH
Mancelona Torch batting - Pitching for Athletic Club KC U-21 : LHP Daniel Katz
Batting: RHB Kyle Vandenbrink 0-0: Ball
1-0: Swinging Strike
1-1: Called Strike
1-2: SOLO HOME RUN (Flyball, 7D), Distance : 386 ft
Batting: RHB Bert Cook 0-0: Called Strike
0-1: Bunt for hit - play at first, batter OUT! 5-3
Batting: RHB Vojtech Farkas 0-0: Called Strike
0-1: Ball
1-1: Ball
2-1: Swinging Strike
2-2: DOUBLE (Line Drive, 7LM)
Batting: RHB Ron Thomas 0-0: Foul Ball, location: 2F
0-1: Foul Ball, location: 2F
0-2: Strikes out swinging
Batting: LHB José Hernández 0-0: Ball
1-0: Called Strike
1-1: Swinging Strike
1-2: Fly out, F8 (Flyball, 89M)
Top of the 5th over - 1 run(s), 2 hit(s), 0 error(s), 1 left on base; Mancelona 2 - Athletic Club KC 0
BOTTOM OF THE 5TH
Athletic Club KC U-21 batting - Pitching for Mancelona Torch : RHP Pompeyo Davalillo
Batting: LHB Héctor Barrios 0-0: SINGLE (Groundball, 56D)
Batting: RHB Dani Reyes 0-0: Ball
1-0: Called Strike
1-1: Ball
2-1: Called Strike
2-2: Ball
3-2: Strikes out swinging
Batting: SHB Gerald Merendino 0-0: Ball
1-0: Ball
2-0: Called Strike
2-1: Ball
3-1: Grounds into double play, 1-6-3 (Groundball, 13S)
Bottom of the 5th over - 0 run(s), 1 hit(s), 0 error(s), 0 left on base; Mancelona 2 - Athletic Club KC 0
TOP OF THE 6TH
Mancelona Torch batting - Pitching for Athletic Club KC U-21 : LHP Daniel Katz
Batting: RHB Mesa Altuve 0-0: Foul Ball, location: 2F
0-1: Ball
1-1: Ball
2-1: Fly out, F9 (Flyball, 9)
Batting: RHB Todd Sentell 0-0: Ball
1-0: Ball
2-0: Swinging Strike
2-1: Foul Ball, location: 2F
2-2: Strikes out swinging
Batting: RHB Mike Hines 0-0: Called Strike
0-1: Called Strike
0-2: Strikes out swinging
Top of the 6th over - 0 run(s), 0 hit(s), 0 error(s), 0 left on base; Mancelona 2 - Athletic Club KC 0
BOTTOM OF THE 6TH
Athletic Club KC U-21 batting - Pitching for Mancelona Torch : RHP Pompeyo Davalillo
Batting: RHB Mauro Valverde 0-0: Called Strike
0-1: Foul Ball, location: 2F
0-2: Strikes out swinging
Batting: RHB Jesús Vargas 0-0: Ball
1-0: Swinging Strike
1-1: Ball
2-1: Foul Ball, location: 2F
2-2: Strikes out swinging
Batting: RHB Fernando Rodríguez 0-0: SINGLE (Line Drive, 7S)
Batting: SHB Álex Castillo 0-0: Foul Ball, location: 2F
0-1: Ball
1-1: Ground out 6-3 (Groundball, 6M)
Bottom of the 6th over - 0 run(s), 1 hit(s), 0 error(s), 1 left on base; Mancelona 2 - Athletic Club KC 0
TOP OF THE 7TH
Mancelona Torch batting - Pitching for Athletic Club KC U-21 : LHP Daniel Katz
Pitching: RHP Bertram Gilfoyle
Batting: RHB José Córdova 0-0: Called Strike
0-1: Foul Ball, location: 2F
0-2: Strikes out swinging
Batting: RHB Kyle Vandenbrink 0-0: Ball
1-0: Ball
2-0: Ball
3-0: Called Strike
3-1: Base on Balls
Batting: RHB Bert Cook 0-0: Ball
Kyle Vandenbrink is caught stealing 2nd base
1-0: Ball
2-0: Called Strike
2-1: Foul Ball, location: 2F
2-2: Ball
3-2: Foul Ball, location: 2F
3-2: SINGLE (Groundball, 4MS) (infield hit)
Batting: RHB Vojtech Farkas 0-0: Ball
1-0: Called Strike
1-1: Fly out, F4 (Line Drive, 4)
Top of the 7th over - 0 run(s), 1 hit(s), 0 error(s), 1 left on base; Mancelona 2 - Athletic Club KC 0
BOTTOM OF THE 7TH
Athletic Club KC U-21 batting - Pitching for Mancelona Torch : RHP Pompeyo Davalillo
Batting: RHB Pedro Solís 0-0: Foul Ball, location: 2F
0-1: Called Strike
0-2: Ball
1-2: Strikes out swinging
Batting: RHB Andrés Medina 0-0: Fly out, F8 (Flyball, 8LM)
Batting: LHB Héctor Barrios 0-0: Ground out 5-3 (Groundball, 56)
Bottom of the 7th over - 0 run(s), 0 hit(s), 0 error(s), 0 left on base; Mancelona 2 - Athletic Club KC 0
TOP OF THE 8TH
Mancelona Torch batting - Pitching for Athletic Club KC U-21 : RHP Bertram Gilfoyle
Batting: RHB Ron Thomas 0-0: Ball
1-0: Ball
2-0: Foul Ball, location: 2F
2-1: Called Strike
2-2: Ball
3-2: SINGLE (Groundball, 6D)
Batting: LHB José Hernández 0-0: Ball
1-0: Ball
2-0: Bunted foul
2-1: Sac Bunt - play at first, batter OUT! U3
Ron Thomas to second
Batting: RHB Mesa Altuve 0-0: Intentional Walk
Pinch Hitting: LHB Jim Unknown 0-0: Foul Ball, location: 2F
0-1: Called Strike
0-2: Ball
1-2: Fly out, F3 (Popup, 3S)
Batting: RHB Mike Hines 0-0: Ball
1-0: Ball
Passed Ball!
Ron Thomas to third
Mesa Altuve to second
2-0: Ball
3-0: Called Strike
3-1: Called Strike
3-2: Ground out 4-3 (Groundball, 6MS)
Top of the 8th over - 0 run(s), 1 hit(s), 0 error(s), 2 left on base; Mancelona 2 - Athletic Club KC 0
BOTTOM OF THE 8TH
Athletic Club KC U-21 batting - Pitching for Mancelona Torch : RHP Pompeyo Davalillo
Now in RF: Jim Unknown
Batting: RHB Dani Reyes 0-0: Ball
1-0: Called Strike
1-1: Ball
2-1: Swinging Strike
2-2: Strikes out swinging
Batting: SHB Gerald Merendino 0-0: Ball
1-0: Ball
2-0: Ball
3-0: Base on Balls
Batting: RHB Mauro Valverde 0-0: Called Strike
0-1: Called Strike
0-2: Ball
1-2: Ball
2-2: Foul Ball, location: 2F
2-2: SINGLE (Groundball, 56S) (infield hit)
Gerald Merendino to second
Pinch Hitting: LHB Jim Unknown 0-0: Called Strike
0-1: Foul Ball, location: 2F
0-2: Ball
1-2: SINGLE (Line Drive, 78S)
Gerald Merendino to third
Mauro Valverde to second
Runner from 3rd tries for Home, SAFE, throw made home
Mauro Valverde to third
Jim Unknown to second
Pitching: RHP Tony Ruíz
Pinch Hitting: RHB Shintaro Yamada 0-0: Ball
1-0: Foul Ball, location: 2F
1-1: Foul Ball, location: 2F
1-2: Ground out 5-3 (Groundball, 56S)
Pitching: LHP Tyler Lund
Batting: SHB Álex Castillo 0-0: Foul Ball, location: 2F
0-1: Foul Ball, location: 2F
0-2: Strikes out swinging
Bottom of the 8th over - 1 run(s), 2 hit(s), 0 error(s), 2 left on base; Mancelona 2 - Athletic Club KC 1
TOP OF THE 9TH
Mancelona Torch batting - Pitching for Athletic Club KC U-21 : RHP Bertram Gilfoyle
Now in LF: Jim Unknown
Now in CF: Wilfred Fuller
Batting: RHB José Córdova 0-0: Ball
1-0: Ball
2-0: Called Strike
2-1: Ground out 5-3 (Groundball, 56S)
Batting: RHB Kyle Vandenbrink 0-0: Ball
1-0: Ball
2-0: Foul Ball, location: 2F
2-1: Ball
3-1: Base on Balls
Batting: RHB Bert Cook 0-0: Ball
1-0: Called Strike
1-1: Ball
2-1: Foul Ball, location: 2F
2-2: Foul Ball, location: 2F
2-2: Ball
3-2: Foul Ball, location: 2F
3-2: Strikes out swinging
Batting: RHB Vojtech Farkas 0-0: Foul Ball, location: 2F
0-1: Ball
1-1: Ball
Kyle Vandenbrink is caught stealing 2nd base
Top of the 9th over - 0 run(s), 0 hit(s), 0 error(s), 0 left on base; Mancelona 2 - Athletic Club KC 1
BOTTOM OF THE 9TH
Athletic Club KC U-21 batting - Pitching for Mancelona Torch : LHP Tyler Lund
Pitching: RHP Mark Chajón
Batting: RHB Pedro Solís 0-0: Ball
1-0: Called Strike
1-1: Ball
2-1: Ball
3-1: Base on Balls
Batting: RHB Andrés Medina 0-0: Foul Ball, location: 2F
0-1: Ball
1-1: Ball
Passed Ball!
Pedro Solís to second
2-1: Ball
3-1: Foul Ball, location: 2F
3-2: Fly out, F8 (Flyball, 8RM)
Pinch Hitting: LHB Arturo Sosa 0-0: Ball
1-0: Ball
2-0: Ball
3-0: Called Strike
3-1: Foul Ball, location: 2F
3-2: Base on Balls
Pinch Hitting: LHB Nelson Borlido 0-0: SINGLE (Groundball, 34D)
Pedro Solís to third
Arturo Sosa to second
Pinch Hitting: LHB Byron Vallin 0-0: Grounds into fielders choice 4-2 (Groundball, 34)
Arturo Sosa to third
Nelson Borlido to second
Pinch Hitting: RHB Devin Ferris 0-0: Called Strike
0-1: Ball
1-1: Ball
2-1: Swinging Strike
2-2: Foul Ball, location: 2F
2-2: Strikes out swinging
Bottom of the 9th over - 0 run(s), 1 hit(s), 0 error(s), 3 left on base; Mancelona 2 - Athletic Club KC 1
Friday, December 30th, 2016 - OOTP Baseball 17.12 Build 75